 Dungeon Crawl Stone Soup version 0.29-a0-542-g075992c915 (webtiles) character file.

Game seed: 10159884834556200275

12 flotson the Sneak (level 2, 0/24 HPs)
             Began as a Demonspawn Delver on June 4, 2022.
             Succumbed to an adder's poison
             ... on level 3 of the Dungeon.
             The game lasted 00:01:19 (271 turns).

flotson the Sneak (Demonspawn Delver)                Turns: 271, Time: 00:01:19

Health: 0/24       AC:  3    Str: 12    XL:     2   Next: 20%
Magic:  2/2        EV: 12    Int: 11    God:
Gold:   14         SH:  0    Dex: 14    Spells: 1/1 levels left

rFire   . . .      SeeInvis .   a - +0 spear
rCold   . . .      Faith    .   (no shield)
rNeg    . . .      Spirit   .   b - +0 leather armour
rPois   .          Reflect  .   (no helmet)
rElec   .          Harm     .   (no cloak)
rCorr   .          Rampage  .   (no gloves)
Will    .....                   (no boots)
Stlth   +++.......              (no amulet)
HPRegen 0.08/turn               (no ring)
MPRegen 0.08/turn               (no ring)

@: lethally poisoned (0 -> -5)
A: hooves 1
a: no special abilities


You were on level 3 of the Dungeon.
You visited 1 branch of the dungeon, and saw 3 of its levels.

You collected 14 gold pieces.

Inventory:

Hand Weapons
 a - a +0 spear (weapon)
Armour
 b - a +0 leather armour (worn)
Wands
 g - a wand of digging (3)
Scrolls
 c - a scroll of fog
 d - a scroll of magic mapping
 h - a scroll of vulnerability {unknown}
 i - a scroll of identify {unknown}
Potions
 f - a potion of haste


   Skills:
 + Level 3.1 Fighting
 + Level 2.0 Polearms
 + Level 0.1 Armour
 + Level 2.0 Dodging
 + Level 4.6 Stealth
 + Level 0.2 Evocations


You had one spell level left.
You didn't know any spells.
Your spell library was empty.

Dungeon Overview and Level Annotations

Branches:
Dungeon (5/15)
 Temple: D:4-7

Altars:


Innate Abilities, Weirdness & Mutations

You have large cloven feet.


Message History

The adder bites you but does no damage.
You closely miss the adder. Your kick misses the adder.
The adder is lightly wounded.
The adder closely misses you.
You miss the adder.
The adder is lightly wounded.
The adder bites you.
You are poisoned.
The adder poisons you!
You barely miss the adder.
The adder hisses angrily.
Your kick misses the adder.
The adder is lightly wounded.
You feel sick. The adder barely misses you. The adder closely misses you.
You hit the adder. You kick the adder.
The adder is heavily wounded.
You feel sick. The adder bites you.
You are more poisoned.
The adder poisons you!
You barely miss the adder.
The adder is heavily wounded.
You feel sick. The adder bites you.
You are lethally poisoned!
The adder poisons you! The adder bites you but does no damage.
You are too injured to fight recklessly!
You are too injured to fight recklessly!
You are too injured to fight recklessly!
You are too injured to fight recklessly!
You are too injured to fight recklessly!
As you read the scroll of fear, it crumbles to dust.
You assume a fearsome visage.
The adder looks frightened! x2
* * * LOW HITPOINT WARNING * * *
You feel very sick.
* * * LOW HITPOINT WARNING * * *
You feel sick.
* * * LOW HITPOINT WARNING * * *
You feel sick.
* * * LOW HITPOINT WARNING * * *
You feel sick.
You die...

S....# ..#
...#.# #.#
##..#.# #.#
...... #.#
##S###..#.#
######.###
#.....$.#.#
#.†......#
....####.#.#
#.####.... .
##.#.####
#<# ###.#
#...@...#
#†# #.#
#.#####.#
#.# #.# #.
#.####.#
##.# #.
#......#
#... #.
#.######
#..# .. #.#
#..# .. ..#
#..# ####
#..# #..#


There were no monsters in sight!

Vanquished Creatures
  An endoplasm (D:3)
  A giant cockroach (D:3)
  2 goblins (D:3)
  3 jackals (D:3)
  A ball python (D:4)
  A bat (D:3)
  A frilled lizard (D:3)
  A kobold (D:3)
11 creatures vanquished.

Notes
Turn   | Place    | Note
-------+----------+-------------------------------------------
     0 | D:5      | flotson the Demonspawn Delver began the quest for the Orb.
     0 | D:5      | Reached XP level 1. HP: 18/18 MP: 1/1
    26 | D:5      | Noticed an orc wizard
   201 | D:3      | Gained mutation: You have large cloven feet. [demonic
                  | ancestry]
   201 | D:3      | Reached XP level 2. HP: 24/24 MP: 2/2
   271 | D:3      | Succumbed to an adder's poison

Illustrated notes

Levels and vault maps discovered:
D:3:      layout_loops_ring
D:4:      layout_cave_pods, lemuel_coloured_pillars_altar,
          minmay_temple_entry_fiery
D:5:      nicolae_cairo_tiling_large, layout_loops_cross,
          gammafunk_temple_overflow_statue, serial_bayou_pond_a, uniq_edmund,
          uniq_blork_the_orc, uniq_menkaure

Skill      XL: |  1  2 |
---------------+-------+-----
Polearms       | 2 |  2.0
Dodging        | 2 |  2.0
Fighting       | |  3.1
Armour         | |  0.1
Stealth        | |  4.6
Evocations     | |  0.2

Action                   || total
-------------------------++-------
Melee: Spear             ||    44
       Kick              ||     2
  Use: Scroll            ||     1
 Stab: Sleeping          ||     6
       Distracted        ||     1
Armor: Leather armour    ||    15
Dodge: Dodged            ||    17

Table legend: (Time is in decaauts)
 A = Elapsed time spent in this place.
 B = Non-inter-level travel time spent in this place.
 C = Inter-level travel time spent in this place.
 D = Time resting spent in this place.
 E = Time spent auto-exploring this place.
 F = Levels seen in this place.
 G = Mean time per level.
                   A        B        C        D        E       F      G
               +--------+--------+--------+--------+--------+-----+--------+
         Total |    270 |    270 |      0 |      0 |    164 |   3 |   90.0 |
       Dungeon |    270 |    270 |      0 |      0 |    164 |   3 |   90.0 |
               +--------+--------+--------+--------+--------+-----+--------+

Top non-repeatable levels by time:
     D:3: 158 daAuts
     D:4: 65 daAuts
     D:5: 47 daAuts
